 Dungeon Crawl Stone Soup version 0.28-a0-10-g964c8b829e (webtiles) character file.

Game seed: 12035286267201059151

6198 Sin92 the Cleaver (level 10, -9/80 HPs)
             Began as a Demonspawn Fighter on July 25, 2021.
             Was a Priest of Okawaru.
             Mangled by Snorg (19 damage)
             ... on level 10 of the Dungeon.
             The game lasted 00:16:10 (9973 turns).

Sin92 the Cleaver (Demonspawn Fighter)              Turns: 9973, Time: 00:16:11

Health: -9/80      AC: 21    Str: 18    XL:     10   Next: 61%
Magic:  12/12      EV:  7    Int: 10    God:    Okawaru [***...]
Gold:   212        SH: 16    Dex: 14    Spells: 9/9 levels left

rFire   . . .      SeeInvis .   a - +1 war axe
rCold   . . .      Faith    +   g - +1 tower shield
rNeg    . . .      Spirit   .   o - +2 plate armour {Will+}
rPois   +          Reflect  .   (no helmet)
rElec   .          Harm     .   u - +0 cloak
rCorr   .          Rampage  .   h - +0 pair of gloves
Will    +....                   w - +0 pair of boots
Stlth   ..........              f - amulet of faith
HPRegen 0.23/turn               p - +4 ring of evasion
MPRegen 0.13/turn               t - ring of poison resistance

@: about to teleport, on berserk cooldown, slowed, very slow
A: spiny 2, sharp scales 3, demonic magic 2, wild magic 1
a: Renounce Religion, Heroism


You were on level 10 of the Dungeon.
You worshipped Okawaru.
Okawaru was most pleased with you.
You visited 2 branches of the dungeon, and saw 11 of its levels.

You collected 452 gold pieces.
You spent 240 gold pieces at shops.

Inventory:

Hand Weapons
 a - a +1 war axe (weapon)
 n - a +2 vorpal flail
Missiles
 i - a curare-tipped dart (quivered)
Armour
 g - a +1 tower shield (worn)
 h - a +0 pair of gloves (worn)
 o - a +2 plate armour of willpower (worn)
 u - a +0 cloak (worn)
 w - a +0 pair of boots (worn)
 C - a +0 helmet
Jewellery
 f - an amulet of faith (around neck)
 p - a +4 ring of evasion (left hand)
 q - a ring of positive energy
 t - a ring of poison resistance (right hand)
 y - a ring of resist corrosion
Wands
 j - a wand of iceblast (4)
 z - a wand of mindburst (20)
Scrolls
 e - 4 scrolls of identify
 l - 4 scrolls of teleportation
 m - a scroll of fear
 B - a scroll of enchant weapon
Potions
 b - a potion of resistance {unknown}
 d - a potion of brilliance {unknown}
 k - a potion of curing
 r - a potion of haste {unknown}
 s - a potion of flight
 x - a potion of magic
 A - a potion of cancellation {unknown}


   Skills:
 + Level 8.2 Fighting
 * Level 10.1 Axes
 + Level 5.3 Armour
 + Level 4.5 Dodging
 + Level 7.5 Shields
 + Level 3.8 Invocations


You had 9 spell levels left.
You didn't know any spells.
Your spell library contained the following spells:

 Spells                   Type           Power      Damage    Failure   Level
 Foxfire                  Conj/Fire      0%         2x1d4     100%        1
 Call Canine Familiar     Summ           0%         N/A       100%        3
 Conjure Flame            Conj/Fire      0%         6-21      100%        3
 Ignite Poison            Fire/Tmut/Pois 0%         N/A       100%        3
 Inner Flame              Hex/Fire       0%         N/A       100%        3
 Mephitic Cloud           Conj/Pois/Air  0%         N/A       100%        3
 Portal Projectile        Hex/Tloc       0%         N/A       100%        3
 Stone Arrow              Conj/Erth      0%         3d7       100%        3
 Leda's Liquefaction      Hex/Erth       0%         N/A       100%        4
 Bolt of Magma            Conj/Fire/Erth 0%         4d4       100%        5
 Shatter                  Erth           0%         3d5*      100%        9


Dungeon Overview and Level Annotations

Branches:
Dungeon (10/15)            Temple (1/1) D:5
   Lair: D:8-11         Orc: D:9-12

Altars:
Ashenzari
Cheibriados
Dithmenos
Elyvilon
Fedhas
Gozag
Hepliaklqana
Kikubaaqudgha
Makhleb
Nemelex Xobeh
Okawaru
Qazlal
Ru
Sif Muna
Trog
Uskayaw
Vehumet
Wu Jian
Xom
Yredelemnul
Zin
The Shining One
Jiyva

Shops:
D:2 ?=*   D:3 *   D:5 *   D:8 *

Annotations:
D:10 Snorg


Innate Abilities, Weirdness & Mutations

You are mostly covered in sharp spines.
You are completely covered in razor-sharp scales. (AC +3, Slay +3)
Spells you cast may paralyse nearby enemies.
Your spells are a little harder to cast, but a little more powerful.


Message History

Snorg is heavily wounded.
Snorg bites you but does no damage. You block Snorg's attack. Snorg claws you!
You barely miss Snorg.
Snorg is heavily wounded.
You block Snorg's attack. Snorg barely misses you. Snorg closely misses you.
You block Snorg's attack. Snorg claws you. Snorg claws you but does no damage.
You slash Snorg!
Snorg is severely wounded.
You block Snorg's attack. x2; Snorg closely misses you.
You slash Snorg!
Snorg is severely wounded.
You block Snorg's attack. Snorg claws you but does no damage.
Snorg closely misses you. You block Snorg's attack.
Snorg claws you but does no damage. Snorg barely misses you.
Your plate armour prevents you from hitting Snorg.
Snorg is severely wounded.
You block Snorg's attack. Snorg claws you! x2
* * * LOW HITPOINT WARNING * * *
You barely miss Snorg.
Snorg is severely wounded.
You are no longer berserk.
You are exhausted.
You feel yourself slow down. You block Snorg's attack. Snorg misses you.
You block Snorg's attack. Snorg is struck by your spines. Snorg bites you!
* * * LOW HITPOINT WARNING * * *
Snorg claws you.
* * * LOW HITPOINT WARNING * * *
Snorg claws you but does no damage.
You feel much better. You block Snorg's attack. Snorg claws you.
* * * LOW HITPOINT WARNING * * *
Snorg claws you!
* * * LOW HITPOINT WARNING * * *
You block Snorg's attack. Snorg claws you but does no damage.
You block Snorg's attack.
You can't see any enemies this would affect, really read the scroll of fear?
Okay, then.
As you read the scroll of teleportation, it crumbles to dust.
You feel strangely unstable. You block Snorg's attack. x2
Snorg claws you but does no damage. Snorg bites you!!
You die...

...# ...#
####...### #..
#...>..... ###..
#. #.........
....# #.#
#......... #.#.#
#.# #.##...##.
#.#.# #.# #T# ..#
#.#.#####.######@#
.#
#......##.#......#
#
..........#.######
............#
...###....###
...#{#....#
...#+#....# ####
######


You could see Snorg (berserk).

Vanquished Creatures
  A two-headed ogre (D:9)
  Maggie (D:9)
  A troll (D:8)
  2 hornets
  4 yaks (D:10)
  A steam dragon (D:8)
  3 wyverns
  The ghost of Sin92 the Skirmisher, an amateur DsFi (D:4)
  Edmund (D:4)
  2 ice beasts (D:6)
  2 black bears
  2 orc warriors (D:8)
  4 kobold brigands
  A wyvern zombie (D:8)
  A scorpion (D:7)
  A water moccasin skeleton (D:5)
  5 killer bees (D:10)
  16 wights
  2 bullfrog zombies
  2 howler monkeys (D:8)
  2 centaur zombies
  4 orc priests
  A jelly (D:7)
  A gnoll shaman (D:8)
  2 hounds
  5 iguanas
  Crazy Yiuf (D:4)
  4 bullfrog skeletons
  A human skeleton (D:6)
  9 orc wizards
  Natasha (thrice) (D:4)
  A hound skeleton (D:4)
  A howler monkey zombie (D:5)
  8 gnolls
  7 adders
  A shadow imp (D:7)
  2 white imps
  An ufetubus (D:4)
  An adder skeleton (D:4)
  3 worms
  22 orcs
  5 bats
  7 endoplasms
  3 giant cockroaches
  4 goblins
  7 hobgoblins
  10 jackals
  16 kobolds
  4 quokkas
  7 ball pythons
  5 frilled lizards
  A jackal skeleton (D:4)
  A jackal zombie (D:6)
  A kobold zombie (D:6)
  8 rats
212 creatures vanquished.

Vanquished Creatures (others)
  An orc wizard (D:7)
  A fungus (D:4)
2 creatures vanquished.

Grand Total: 214 creatures vanquished

Notes
Turn   | Place    | Note
-------+----------+-------------------------------------------
     0 | D:1      | Sin92 the Demonspawn Fighter began the quest for the Orb.
     0 | D:1      | Reached XP level 1. HP: 18/18 MP: 1/1
   172 | D:1      | Reached skill level 2 in Axes
   319 | D:1      | Gained mutation: You are partially covered in sharp spines.
                  | [demonic ancestry]
   319 | D:1      | Reached XP level 2. HP: 8/24 MP: 2/2
  1027 | D:2      | Found a faded altar of an unknown god.
  1160 | D:2      | HP: 1/24 [hound (2)]
  1162 | D:2      | Gained mutation: You are partially covered in razor-sharp
                  | scales. (AC +1, Slay +1) [demonic ancestry]
  1162 | D:2      | Reached XP level 3. HP: 1/29 MP: 3/3
  1486 | D:2      | Reached skill level 1 in Dodging
  1571 | D:2      | Found Deduen's Magic Scroll Emporium.
  1654 | D:2      | Found Utyareoz's Assorted Antiques.
  1709 | D:2      | Gained mutation: Spells you cast may paralyse adjacent
                  | enemies. [demonic ancestry]
  1709 | D:2      | Reached XP level 4. HP: 19/35 MP: 4/4
  2134 | D:2      | Found Ithad's Jewellery Shop.
  2279 | D:2      | Reached skill level 7 in Axes
  2279 | D:2      | Gained mutation: You are mostly covered in sharp spines.
                  | [demonic ancestry]
  2279 | D:2      | Reached XP level 5. HP: 47/47 MP: 5/5
  2708 | D:3      | Found Piv Avux's Assorted Antiques.
  3151 | D:3      | Reached skill level 8 in Axes
  3438 | D:4      | Reached XP level 6. HP: 53/53 MP: 6/6
  3640 | D:4      | Found a runed translucent gate.
  3722 | D:4      | Found an opulent altar of Gozag.
  3724 | D:4      | Found a sacrificial altar of Ru.
  3724 | D:4      | Found a sparkling altar of Nemelex Xobeh.
  3758 | D:4      | Noticed Natasha
  3769 | D:4      | Killed Natasha
  3832 | D:4      | Noticed Natasha
  3847 | D:4      | Killed Natasha
  3898 | D:4      | Noticed Natasha
  3905 | D:4      | Killed Natasha
  3949 | D:4      | Found a runed translucent door.
  3950 | D:4      | Noticed Crazy Yiuf
  3977 | D:4      | Reached XP level 7. HP: 46/59 MP: 7/7
  4100 | D:4      | Noticed Edmund
  4111 | D:4      | Killed Edmund
  4258 | D:4      | Found a runed translucent gate.
  4258 | D:4      | Found a runed translucent gate.
  4260 | D:4      | Noticed Sin92's ghost (amateur DsFi)
  4458 | D:4      | Gained mutation: You are dopey. (Int -2) [potion of
                  | mutation]
  4458 | D:4      | Lost mutation: You are dopey. (Int -2) [potion of mutation]
  4458 | D:4      | Gained mutation: Your spells are a little harder to cast,
                  | but a little more powerful. [potion of mutation]
  4470 | D:4      | Killed Sin92's ghost
  4736 | D:4      | Killed Crazy Yiuf
  4776 | D:5      | Entered Level 5 of the Dungeon
  4820 | D:5      | Gained mutation: You are mostly covered in razor-sharp
                  | scales. (AC +2, Slay +2) [demonic ancestry]
  4820 | D:5      | Reached XP level 8. HP: 67/67 MP: 8/8
  4856 | D:5      | Found a staircase to the Ecumenical Temple.
  4887 | Temple   | Entered the Ecumenical Temple
  5298 | D:5      | Found Umnofom's General Store.
  5481 | D:6      | Found a blossoming altar of Fedhas.
  5642 | D:6      | Found a hazy altar of Hepliaklqana.
  5643 | D:6      | Found a shimmering altar of Xom.
  5644 | D:6      | Noticed a spectral ugly thing
  6410 | D:6      | Found a runed translucent door.
  6417 | D:6      | Found a basalt altar of Yredelemnul.
  6532 | D:7      | Reached skill level 9 in Axes
  6551 | D:7      | Gained mutation: You are completely covered in razor-sharp
                  | scales. (AC +3, Slay +3) [demonic ancestry]
  6551 | D:7      | Reached XP level 9. HP: 37/70 MP: 9/9
  6854 | D:7      | Found an ornate altar of the Wu Jian Council.
  7366 | D:7      | Found an iron altar of Okawaru.
  7380 | D:7      | Became a worshipper of Warmaster Okawaru
  7796 | D:8      | Reached skill level 1 in Invocations
  7845 | D:8      | Noticed a troll
  7854 | D:8      | Killed a troll
  7854 | D:8      | Reached * piety under Okawaru
  8299 | D:8      | Found Tealenoq's General Store.
  8464 | D:2      | Bought a ring of poison resistance for 240 gold pieces
  9024 | D:9      | Noticed Maggie
  9032 | D:9      | Gained mutation: Spells you cast may paralyse nearby
                  | enemies. [demonic ancestry]
  9032 | D:9      | Reached XP level 10. HP: 68/80 MP: 8/11
  9037 | D:9      | Killed Maggie
  9037 | D:9      | Reached ** piety under Okawaru
  9041 | D:9      | Reached skill level 5 in Armour
  9399 | D:9      | Noticed a two-headed ogre
  9415 | D:9      | Killed a two-headed ogre
  9421 | D:9      | Reached *** piety under Okawaru
  9520 | D:9      | Found a radiant altar of Vehumet.
  9621 | D:9      | Found a hide-covered altar of Uskayaw.
  9791 | D:10     | Entered Level 10 of the Dungeon
  9802 | D:10     | Reached skill level 10 in Axes
  9914 | D:10     | Found a broken altar of Ashenzari.
  9951 | D:10     | Noticed Snorg
  9973 | D:10     | Mangled by Snorg

Illustrated notes

Levels and vault maps discovered:
D:1:      psy_arrival_fountain, layout_basic, serial_bayou_crossing
D:2:      layout_loops_ring, hellmonk_ecumenical_altar_zigzags, serial_shops,
          shop_statue, shop, nicolae_shop_waterfront
D:3:      layout_loops_ring, serial_shops, shop, nrook_mini_backslash,
          serial_park_tiny_1, kennysheep_generic_room_7
D:4:      layout_cave_pools, grunt_temple_overflow_open,
          gammafunk_ghost_necromancy, uniq_crazy_yiuf_cottage, uniq_natasha,
          uniq_edmund
D:5:      layout_rooms, temple_doors_e, serial_shops, shop, moated_statue
D:6:      layout_basic, regret_index_temple_of_mockery, dk_yredelemnul_ordeal,
          fedhas_ov_isle_minmay, corexii_hall_statues_x
D:7:      layout_rooms, nzn_wu_jian_council_hall,
          nicolae_tso_swordbearing_angel, okawaru_altar_gauntlet_db
D:8:      layout_basic, serial_shops, nicolae_square_shop
D:9:      layout_roguey, lemuel_coloured_pillars_altar,
          eat_drink_and_be_merry_uskayaw, uniq_maggie
D:10:     layout_loops_ring, ashenzari_conservatory_becter, lair_entry_dummy,
          serial_bayou_pond_c, uniq_grum, uniq_snorg
Temple:   pf_slimified_temple

Skill      XL: |  1  2  3  4  5  6  7  8  9 10 |
---------------+-------------------------------+-----
Axes           | 2 7 8 9 10 | 10.1
Armour         | 3 4 5 |  5.3
Shields        | 3 6 7 |  7.5
Dodging        | 1 2 3 4 |  4.5
Fighting       | 6 7 8 |  8.2
Invocations    | 2 3 |  3.8

Action                   |  1- 3 |  4- 6 |  7- 9 | 10-12 || total
-------------------------+-------+-------+-------+-------++-------
Melee: War axe           |    66 |   117 |   289 |    80 ||   552
Throw: Throwing net      |       |       |       |     1 ||     1
Invok: Heroism           |       |       |     1 |     2 ||     3
  Use: Scroll            |     3 |     4 |    10 |     1 ||    18
       Potion            |       |     1 |     7 |     3 ||    11
Armor: Scale mail        |    37 |    39 |       |       ||    76
       Chain mail        |       |    24 |    90 |       ||   114
       Plate armour      |       |       |    45 |    41 ||    86
Dodge: Dodged            |    17 |    16 |    55 |    22 ||   110
Block: Kite shield       |    17 |       |       |       ||    17
       Tower shield      |    35 |   101 |   299 |   120 ||   555

Table legend: (Time is in decaauts)
 A = Elapsed time spent in this place.
 B = Non-inter-level travel time spent in this place.
 C = Inter-level travel time spent in this place.
 D = Time resting spent in this place.
 E = Time spent auto-exploring this place.
 F = Levels seen in this place.
 G = Mean time per level.
                   A        B        C        D        E       F      G
               +--------+--------+--------+--------+--------+-----+--------+
         Total |  10276 |   9659 |    617 |   1147 |   6731 |  11 |  934.2 |
       Dungeon |  10172 |   9573 |    599 |   1147 |   6647 |  10 | 1017.2 |
        Temple |    103 |     85 |     18 |      0 |     84 |   1 |  103.0 |
               +--------+--------+--------+--------+--------+-----+--------+

Top non-repeatable levels by time:
     D:4: 1464 daAuts
     D:2: 1377 daAuts
     D:3: 1212 daAuts
     D:6: 1107 daAuts
     D:8: 1065 daAuts
     D:1: 1046 daAuts
     D:7: 1046 daAuts
     D:9: 989 daAuts
     D:5: 671 daAuts
    D:10: 190 daAuts
  Temple: 103 daAuts
